 Dungeon Crawl Stone Soup version 0.29.1-2-gbd0b4ee654 (webtiles) character file.

Game seed: 12422642706712814892

2426 xian the Zephyrmancer (level 9, -2/49 HPs)
             Began as a Tengu Air Elementalist on Nov 1, 2022.
             Was a Follower of Vehumet.
             Killed from afar by an electric eel (7 damage)
             ... with a bolt of electricity
             ... on level 8 of the Dungeon.
             The game lasted 00:11:29 (7586 turns).

xian the Zephyrmancer (Tengu Air Elementalist)      Turns: 7586, Time: 00:11:29

Health: -2/49      AC: 14    Str:  9    XL:     9   Next: 48%
Magic:  17/18      EV: 10    Int: 20    God:    Vehumet [*.....]
Gold:   331        SH:  4    Dex: 14    Spells: 11/18 levels left

rFire   + . .      SeeInvis .   p - +8 flail of the Conjuring Sybil {holy, Will+}
rCold   . . .      Faith    .   l - +0 buckler
rNeg    . . .      Spirit   .   z - +2 scale mail {rF+}
rPois   .          Reflect  .   (helmet restricted)
rElec   .          Harm     .   (no cloak)
rCorr   .          Rampage  .   h - +0 pair of gloves
Will    +....                   (boots unavailable)
Stlth   +.........              (no amulet)
HPRegen 0.16/turn               r - +4 ring of protection
MPRegen 0.16/turn               (no ring)

@: flying quickly and evasively, quick
A: beak, talons 3, nimble flight
a: Renounce Religion


You were on level 8 of the Dungeon.
You worshipped Vehumet.
Vehumet was aware of your devotion.
You visited 2 branches of the dungeon, and saw 8 of its levels.

You collected 331 gold pieces.

Inventory:

Hand Weapons
 j - the +5 whip of Uncertain Death {vorpal, rElec rF+ rC+}
   (You found it on level 2 of the Dungeon)

   It inflicts extra damage upon your enemies.
   rF:        It protects you from fire.
   rC:        It protects you from cold.
   rElec:     It insulates you from electricity.
 p - the +8 flail of the Conjuring Sybil (weapon) {holy, Will+}
   (You found it on level 7 of the Dungeon)

   It has been blessed by the Shining One to cause great damage to the undead
   and demons.
   Will:      It increases your willpower.
Armour
 h - a +0 pair of gloves (worn)
 k - a +0 leather armour
 l - a +0 buckler (worn)
 z - a +2 scale mail of fire resistance (worn)
Magical Staves
 i - a staff of cold
Jewellery
 r - a +4 ring of protection (left hand)
Wands
 d - a wand of digging (6)
 D - a wand of light (12)
Scrolls
 c - a scroll of acquirement {unknown}
 e - 2 scrolls of enchant weapon {unknown}
 f - 2 scrolls of immolation {unknown}
 g - a scroll of magic mapping {unknown}
 m - a scroll of vulnerability {unknown}
 n - 2 scrolls of teleportation {unknown}
 q - 2 scrolls of enchant armour {unknown}
 u - a scroll of amnesia {unknown}
 w - a scroll of summoning {unknown}
 y - 3 scrolls of identify {unknown}
 B - a scroll of blinking {unknown}
Potions
 b - a potion of magic
 o - 2 potions of brilliance {unknown}
 s - 2 potions of mutation {unknown}
 t - a potion of lignification {unknown}
 v - a potion of flight {unknown}
 x - 2 potions of haste {unknown}
 A - a potion of degeneration {unknown}
 C - a potion of attraction {unknown}


   Skills:
 + Level 2.4 Fighting
 + Level 4.2 Maces & Flails
 + Level 5.0 Armour
 + Level 3.8 Dodging
 - Level 3.0 Stealth
 + Level 1.7 Shields
 + Level 5.3 Spellcasting
 + Level 6.5 Conjurations
 + Level 8.7 Air Magic


You had 11 spell levels left.
You knew the following spells:

 Your Spells              Type           Power      Damage    Failure   Level
a - Shock                 Conj/Air       100%       1d9       4%          1
b - Static Discharge      Conj/Air       35%        3-8/arc   7%          2
c - Airstrike             Air            20%        2d(3-19)  26%         4

Your spell library contained the following spells:

 Spells                   Type           Power      Damage    Failure   Level
 Foxfire                  Conj/Fire      72%        2x1d7     26%         1
 Magic Dart               Conj           100%       1d8       7%          1
 Swiftness                Air            40%        N/A       9%          3
 Mephitic Cloud           Conj/Pois/Air  25%        N/A       36%         3
 Freeze                   Ice            20%        1d4       69%         1
 Summon Small Mammal      Summ           20%        N/A       69%         1
 Call Imp                 Summ           5%         N/A       83%         2
 Call Canine Familiar     Summ           5%         N/A       96%         3
 Gell's Gravitas          Tloc           5%         N/A       96%         3
 Summon Guardian Golem    Hex/Summ       5%         N/A       96%         3
 Disjunction              Tloc           2%         N/A       100%        8


Dungeon Overview and Level Annotations

Branches:
Dungeon (8/15)             Temple (1/1) D:4
   Lair: D:8-11

Altars:
Ashenzari
Cheibriados
Dithmenos
Fedhas
Gozag
Hepliaklqana
Makhleb
Nemelex Xobeh
Okawaru
Qazlal
Ru
Trog
Uskayaw
Vehumet
Wu Jian
Yredelemnul
Zin


Innate Abilities, Weirdness & Mutations

You have a beak for a mouth.
You have claws for feet.
Your magical nature lets you fly swiftly and evasively.


Message History

An orc priest comes into view. It is wielding a +0 lajatang.
The orc priest shouts!
You see here a fuming green potion.
o - 2 fuming green potions (gained 1)
The electric eel shoots out a bolt of lightning at you!
The bolt of electricity hits you.
An orc comes into view. It is wielding a +0 short sword.
The orc shouts!
The electric eel shoots out a bolt of lightning at you!
The bolt of electricity misses you.
The electric eel shoots out a bolt of lightning at you!
The bolt of electricity hits the electric eel.
The electric eel completely resists.
The bolt of electricity hits you!
You sock the electric eel! Your kick misses the electric eel.
The electric eel is heavily wounded.
The orc priest looks encouraged for a moment.
The electric eel shoots out a bolt of lightning at you!
The bolt of electricity hits you!
Unknown command.
You closely miss the electric eel. You peck the electric eel.
The electric eel is severely wounded.
The electric eel shoots out a bolt of lightning at you!
The bolt of electricity hits you!
Unknown command.
You hit the electric eel.
You kill the electric eel!
Vehumet accepts your kill.
The electric eel shoots out a bolt of lightning at you!
The bolt of electricity hits you.
* * * LOW HITPOINT WARNING * * *
The electric eel shoots out a bolt of lightning at you!
The bolt of electricity hits you.
* * * LOW HITPOINT WARNING * * *
Okay, then.
The electric eel shoots out a bolt of lightning at you!
The bolt of electricity hits you.
* * * LOW HITPOINT WARNING * * *
The electric eel shoots out a bolt of lightning at you!
The bolt of electricity hits you!
You die...

..#.P... .......
...... #.... #...
#.. #.# #@# ♣. #.#
♣♣P~. #.# ~~~~~ #.#
.# ~~~~♣~#.# .######
~~~~~P#.#####.......
♣~PPoPS.............
~PP~~~o~...)#.......
#
~~~~~~♣~.##.#.......
.##


You could see an electric eel and an orc priest.

Vanquished Creatures
  A yak (D:8)
  A basilisk (D:8)
  2 water moccasins
  2 sky beasts
  3 ice beasts (D:6)
  A black bear (D:8)
  An ogre (D:7)
  3 centaurs
  2 bullfrogs (D:7)
  2 kobold brigands (D:7)
  A scorpion (D:6)
  A necrophage (D:7)
  4 killer bees (D:8)
  A howler monkey (D:8)
  An electric eel (D:8)
  2 jellies
  A hound (D:6)
  2 orc priests (D:6)
  An iguana (D:6)
  5 orc wizards
  6 adders
  A white imp (D:8)
  A worm (D:2)
  2 dart slugs
  9 orcs
  10 bats
  4 endoplasms
  3 giant cockroaches
  4 hobgoblins
  5 jackals
  4 quokkas
  7 ball pythons
  6 frilled lizards
  5 goblins
  12 kobolds
  5 rats
121 creatures vanquished.

Vanquished Creatures (others)
  A plant (D:8)
1 creature vanquished.

Grand Total: 122 creatures vanquished

Notes
Turn   | Place    | Note
-------+----------+-------------------------------------------
     0 | D:1      | xian the Tengu Air Elementalist began the quest for the
                  | Orb.
     0 | D:1      | Reached XP level 1. HP: 10/10 MP: 4/4
   101 | D:1      | Reached XP level 2. HP: 9/15 MP: 1/6
   621 | D:1      | Reached skill level 5 in Air Magic
   774 | D:1      | Reached XP level 3. HP: 19/19 MP: 3/7
  1176 | D:1      | Found a faded altar of an unknown god.
  1415 | D:2      | Found a sparkling altar of Nemelex Xobeh.
  1434 | D:2      | Identified the +5 whip of Uncertain Death {vorpal, rElec
                  | rF+ rC+}
  1795 | D:2      | Reached XP level 4. HP: 24/24 MP: 1/8
  1930 | D:2      | Learned a level 2 spell: Static Discharge
  1935 | D:2      | Learned a level 4 spell: Airstrike
  2621 | D:3      | Noticed a centaur
  2631 | D:3      | Killed a centaur
  2632 | D:3      | Reached skill level 1 in Armour
  2632 | D:3      | Gained mutation: Your magical nature lets you fly swiftly
                  | and evasively. [Tengu growth]
  2632 | D:3      | Reached XP level 5. HP: 13/28 MP: 8/10
  3058 | D:3      | Reached skill level 1 in Maces & Flails
  3595 | D:3      | Found a burning altar of Makhleb.
  3597 | D:3      | Noticed an Executioner
  3601 | D:3      | Noticed a ynoxinul
  3601 | D:3      | Noticed a smoke demon
  3869 | D:4      | Found a staircase to the Ecumenical Temple.
  3925 | Temple   | Entered the Ecumenical Temple
  3942 | Temple   | Became a worshipper of Vehumet
  4024 | D:4      | Got the Compilation of Unstable Snow
  4077 | D:4      | You are sucked into a shaft and drop 2 floors!
  4153 | D:6      | Noticed an ice beast
  4164 | D:6      | Killed an ice beast
  4165 | D:6      | Reached skill level 6 in Air Magic
  4165 | D:6      | Reached XP level 6. HP: 29/32 MP: 11/11
  4306 | D:6      | Noticed a water moccasin
  4316 | D:6      | Killed a water moccasin
  4317 | D:6      | Reached XP level 7. HP: 15/37 MP: 11/13
  5035 | D:6      | Reached skill level 1 in Fighting
  5200 | D:6      | Reached skill level 7 in Air Magic
  5200 | D:6      | Reached XP level 8. HP: 40/43 MP: 13/15
  5536 | D:6      | Reached skill level 5 in Conjurations
  6073 | D:7      | Reached skill level 1 in Shields
  6224 | D:7      | Reached * piety under Vehumet
  6224 | D:7      | Offered knowledge of Foxfire by Vehumet.
  6234 | D:7      | Identified the +8 flail of the Conjuring Sybil {holy,
                  | Will+}
  6302 | D:7      | Found a bloodstained altar of Trog.
  6323 | D:7      | Reached skill level 8 in Air Magic
  7010 | D:7      | Reached XP level 9. HP: 26/48 MP: 17/17
  7221 | D:7      | Reached skill level 5 in Spellcasting
  7355 | D:8      | HP: 2/48 [basilisk (13)]
  7412 | D:8      | Reached skill level 5 in Armour
  7586 | D:8      | Killed from afar by an electric eel

Illustrated notes

Levels and vault maps discovered:
D:1:      dpeg_arrival_solitude, layout_basic, ebering_ecumenical_altar_rust,
          chequers_serial_rivers_small_3, dreamdust_princess_bridge
D:2:      layout_basic, basic_altar, dreamdust_mushroom_princess
D:3:      layout_basic, makhleb_altar_promises_db
D:4:      layout_gridville, mainiacjoe_overflow_alcove_4,
          kb_xom_exploding_sheep, minmay_temple_entry_slanted
D:6:      nicolae_cairo_tiling, layout_basic, kennysheep_generic_room_12
D:7:      layout_basic, bloody_trog, hangedman_decor_push
D:8:      layout_basic, david_lair_generic, serial_bayou_lake_a
Temple:   hellmonk_temple_two_chambers

Skill      XL: |  1  2  3  4  5  6  7  8  9 |
---------------+----------------------------+-----
Air Magic      | 5 6 7 8 |  8.7
Conjurations   | 2 3 4 5 6 |  6.5
Armour         | 1 2 3 4 5 |  5.0
Spellcasting   | 3 4 5 |  5.3
Maces & Flails | 1 2 3 4 |  4.2
Fighting       | 1 2 |  2.4
Dodging        | 3 |  3.8
Shields        | 1 |  1.7
Stealth        | 3 |  3.0

Action                   |  1- 3 |  4- 6 |  7- 9 || total
-------------------------+-------+-------+-------++-------
Melee: Short sword       |     7 |       |       ||     7
       Kick              |     3 |     5 |    31 ||    39
       Unarmed           |     1 |       |       ||     1
       Peck              |     3 |     5 |    16 ||    24
       Whip              |       |    23 |    48 ||    71
       Flail             |       |       |    52 ||    52
 Cast: Shock             |    86 |    60 |    73 ||   219
       Static Discharge  |       |     1 |    19 ||    20
  Use: Potion            |       |       |     3 ||     3
 Stab: Sleeping          |       |     1 |       ||     1
Armor: Robe              |     8 |       |       ||     8
       Leather armour    |       |    12 |    11 ||    23
       Scale mail        |       |       |    83 ||    83
Dodge: Dodged            |    22 |    19 |    52 ||    93
Block: Buckler           |       |     6 |    19 ||    25
